 Dungeon Sprint DCSS version 0.27-a0-1287-gca74d27db6 (webtiles) character file.

Game seed: 488812804503114357

4 mhtbhm the Cutter (level 1, -2/15 HPs)
             Began as a Kobold Berserker on June 14, 2021.
             Was a Believer of Trog.
             Slain by a gnoll sergeant (17 damage)
             ... in the Dungeon (Sprint IX: "|||||||||||||||||||||||||||||").
             The game lasted 00:00:07 (74 turns).

mhtbhm the Cutter (Kobold Berserker)                  Turns: 74, Time: 00:00:08

Health: -2/15      AC:  2    Str: 14    XL:     1   Next: 77%
Magic:  1/1        EV: 14    Int:  8    God:    Trog [**....]
Gold:   0          SH:  0    Dex: 14    Spells: 0/0 levels left

rFire    . . .     SeeInvis .   a - +0 short sword
rCold    . . .     Faith    .   (shield restricted)
rNeg     . . .     Spirit   .   b - +0 animal skin
rPois    .         Reflect  .   (no helmet)
rElec    .         Harm     .   (no cloak)
rCorr    .         Rampage  .   (no gloves)
Will     .....     NoTele   +   (no boots)
Stlth    ++........             (no amulet)
HPRegen  0.05/turn              (no ring)
MPRegen  0.07/turn              (no ring)

@: no status effects
A: small, no large weapons, nightstalker 3
a: Renounce Religion, Berserk, Trog's Hand


You were in the Dungeon.
You worshipped Trog.
Trog was pleased with you.
You visited 1 branch

Inventory:

Hand Weapons
 a - a +0 short sword (weapon)
Armour
 b - a +0 animal skin (worn)
Scrolls
 h - a scroll of blinking
Potions
 c - a potion of curing
 d - a potion of heal wounds
 e - a potion of haste
 f - 2 potions of magic
 g - a potion of berserk rage


   Skills:
 + Level 4.1 Fighting
 + Level 5.2 Short Blades
 + Level 1.5 Armour
 + Level 2.4 Dodging


You couldn't memorise any spells.
You didn't know any spells.
Your spell library was empty.

Dungeon Overview and Level Annotations

Branches:
Dungeon (1/1)

Altars:


Innate Abilities, Weirdness & Mutations

You are small and have problems with some larger weapons.
You are completely attuned to the shadows.


Message History

The bat is moderately wounded.
The bat hits you but does no damage.
You barely miss the bat.
The bat is moderately wounded.
The bat barely misses you.
You puncture the bat!
You feel the power of Trog in you as your rage grows.
You kill the bat!
Trog accepts your kill.
Your Fighting skill increases to level 4!
You puncture the endoplasm!
You kill the endoplasm!
Trog accepts your kill.
Your Short Blades skill increases to level 5!
Things that are here:
a +0 whip; a kobold corpse You feel a strong urge to attack something.
You are no longer berserk.
You are exhausted.
You feel yourself slow down.
Things that are here:
a +0 whip; a kobold corpse You start resting.
You feel yourself speed up.
You start resting.
HP restored.
You start waiting.
You recover from your berserk rage.
You open the door.
A gnoll sergeant, an orc wizard and a skeleton come into view.
Unknown command.
An ogre comes into view. It is wielding a +0 giant club.
The ogre shouts!
The gnoll sergeant shouts!
The orc wizard shouts!
The bat skeleton hits you but does no damage. x2
The orc wizard gestures wildly while chanting.
The orc wizard flickers and vanishes!
Deactivating autopickup; reactivate with Ctrl-A.
The gnoll sergeant hits you from afar with a +0 trident!
Ouch! That really hurt!
You die...

▓O▓
▓{▓
▓g▓
▓Z▓
▓@▓
▓.▓
▓.▓
▓.▓
▓)▓
▓†▓
▓'▓
▓.▓
▓.▓


You could see an ogre, a gnoll sergeant and a bat skeleton.

Vanquished Creatures
  An endoplasm (D)
  A giant cockroach (D)
  A bat (D)
  A kobold (D)
  A rat (D)
5 creatures vanquished.

Notes
Turn   | Place    | Note
-------+----------+-------------------------------------------
     0 | D        | mhtbhm the Kobold Berserker began the quest for the Orb.
     0 | D        | Reached XP level 1. HP: 14/14 MP: 1/1
    14 | D        | Reached ** piety under Trog
    25 | D        | Reached skill level 5 in Short Blades
    73 | D        | Noticed an orc wizard
    73 | D        | Noticed a gnoll sergeant
    74 | D        | Noticed an ogre
    74 | D        | Slain by a gnoll sergeant

Illustrated notes

Levels and vault maps discovered:
D:        linesprint [early_d, line_temple, items_1, d_10, items_2, lair_1,
          lair_end, items_3, orc_1, orc_end, items_4, d_15, swamp_1, shoals_1,
          snake_1, spider_1, d_20, vaults_1, items_5, swamp_end, shoals_end,
          snake_end, spider_end, vaults_end, d_27, items_6, zot_1, zot_end,
          crypt_end, forest_end, elf_end, slime_end, tomb_end, abyss_end,
          pan_hell_end]

Skill      XL: |  1 |
---------------+----+-----
Fighting       | 4 |  4.1
Short Blades   | 5 |  5.2
Armour         | |  1.5
Dodging        | |  2.4

Action                   || total
-------------------------++-------
Melee: Short sword       ||    18
Invok: Berserk           ||     1
 Stab: Sleeping          ||     1
Armor: Animal skin       ||     7
Dodge: Dodged            ||     8

Table legend: (Time is in decaauts)
 A = Elapsed time spent in this place.
 B = Non-inter-level travel time spent in this place.
 C = Inter-level travel time spent in this place.
 D = Time resting spent in this place.
 E = Time spent auto-exploring this place.
 F = Levels seen in this place.
 G = Mean time per level.
                   A        B        C        D        E       F      G
               +--------+--------+--------+--------+--------+-----+--------+
         Total |     79 |     79 |      0 |     52 |      3 |   1 |   79.0 |
       Dungeon |     79 |     79 |      0 |     52 |      3 |   1 |   79.0 |
               +--------+--------+--------+--------+--------+-----+--------+

Top non-repeatable levels by time:
       D: 79 daAuts
